 Dungeon Crawl Stone Soup version 0.27-a0-607-g1ad3dbde53 (webtiles) character file.

Game seed: 8838187244273090589

210 Gaff the Skirmisher (level 5, 0/54 HPs)
             Began as an Ogre Warper on Mar 13, 2021.
             Was a Plaything of Xom.
             Slain by an orc warrior
             ... wielding a +0 battleaxe
              (3 damage)
             ... on level 3 of the Dungeon.
             The game lasted 00:10:35 (5820 turns).

Gaff the Skirmisher (Ogre Warper)                   Turns: 5820, Time: 00:10:36

Health: 0/54       AC:  4    Str: 16    XL:     5   Next: 87%
Magic:  10/10      EV:  7    Int: 14    God:    Xom [......]
Gold:   246        SH:  7    Dex:  8    Spells: 8/10 levels left

rFire    . . .     SeeInvis +   a - +1 mace
rCold    . . .     Faith    .   t - +0 kite shield
rNeg     . . .     Spirit   .   b - +1 robe
rPois    .         Reflect  .   (helmet restricted)
rElec    .         Harm     .   (no cloak)
rCorr    .         Rampage  .   (gloves unavailable)
Will     .....                  (boots unavailable)
Stlth    +.........             (no amulet)
HPRegen  0.18/turn              h - ring of see invisible
MPRegen  0.12/turn              (no ring)

@: no status effects
A: large, unfitting armour, tough skin 1
a: Renounce Religion


You were on level 3 of the Dungeon.
You worshipped Xom.
You were a very special plaything of Xom.
You visited 1 branch of the dungeon, and saw 4 of its levels.

You collected 246 gold pieces.

Inventory:

Hand Weapons
 a - a +1 mace (weapon)
 y - a +2 falchion of electrocution
Missiles
 e - 5 boomerangs of dispersal (quivered)
 o - 28 poisoned darts
 C - 7 boomerangs
Armour
 b - a +1 robe (worn)
 t - a +0 kite shield (worn)
Jewellery
 h - a ring of see invisible (right hand)
 x - a ring of flight
Wands
 w - a wand of flame (19)
Scrolls
 c - 2 scrolls of enchant weapon
 g - a scroll of enchant armour
 k - a scroll of immolation {unknown}
 n - a scroll of identify {unknown}
 p - a scroll of fog {unknown}
 s - a scroll of magic mapping {unknown}
 u - a scroll of teleportation {unknown}
 v - a scroll of amnesia {unknown}
 z - a scroll of noise {unknown}
 B - a scroll of fear {unknown}
Potions
 f - a potion of haste {unknown}
 i - a potion of curing
 j - a potion of attraction
 l - a potion of mutation {unknown}
 m - a potion of magic {unknown}
 q - a potion of ambrosia {unknown}
 r - 2 potions of brilliance {unknown}
 A - a potion of cancellation {unknown}


   Skills:
 + Level 4.0 Fighting
 + Level 2.6 Maces & Flails
 - Level 1.0 Throwing
 + Level 3.0 Dodging
 + Level 1.2 Shields
 + Level 3.3 Spellcasting
 + Level 3.5 Translocations


You had 8 spell levels left.
You knew the following spells:

 Your Spells              Type           Power      Damage    Failure   Level
a - Blink                 Tloc           N/A        N/A       36%         2

Your spell library contained the following spells:

 Spells                   Type           Power      Damage    Failure   Level
 Gell's Gravitas          Tloc           6%         N/A       61%         3
 Lesser Beckoning         Tloc           6%         N/A       61%         3
 Teleport Other           Tloc           12%        N/A       61%         3
 Manifold Assault         Tloc           12%        N/A       95%         4


Dungeon Overview and Level Annotations

Branches:
Dungeon (4/15)
 Temple: D:4-7

Altars:
Kikubaaqudgha
Makhleb
Xom

Annotations:
D:1 Sigmund


Innate Abilities, Weirdness & Mutations

You are too large for most types of armour.
You have tough skin. (AC +1)


Message History

There are monsters nearby!
You bump into the rock wall.
Xom plays with reality for a moment.
The air shimmers briefly around you.
You are now a plaything of Xom.
You bump into the rock wall.
You're too confused to move!
You feel less confused.
It was a potion of curing.
You feel better.
You hit the orc wizard.
The orc wizard is moderately wounded.
You block the orc wizard's attack.
You hit the orc wizard.
The orc wizard is severely wounded.
You hit the orc warrior.
The orc warrior is lightly wounded.
You block the orc warrior's attack.
You sock the orc warrior!
The orc warrior is moderately wounded. "Over there now!"
The orc warrior blinks!
The orc wizard blinks!
You block the orc warrior's attack.
You barely miss the orc warrior.
The orc warrior is moderately wounded.
Xom asks Qazlal to spice things up a little.
You are now a very special plaything of Xom.
The orc warrior hits you with a +0 battleaxe.
* * * LOW HITPOINT WARNING * * *
You hit the orc warrior.
The orc warrior is heavily wounded.
You block the orc warrior's attack.
The orc wizard hits you with a +3 dagger of freezing.
* * * LOW HITPOINT WARNING * * *
The orc wizard freezes you.
* * * LOW HITPOINT WARNING * * *
You closely miss the orc wizard.
The orc wizard is severely wounded.
The orc warrior hits you with a +0 battleaxe.
You die...
Xom bursts into laughter!

#### ####... #......
#########.#....
#.......#.....)
#.#####.#...... #.# #.#......
######§# #.#..#### #§o@o§§#
#.#..# #§##########.#..#
#§#..#.......#..####
#.#..#.#######......
########o#[....#...###.#.##
#.........#.#....#.# #.#.##
#......#.....#.#.#.# #.#...
###....o.#.#####.....# #.#.##
#...o....#.........#####.#...


You could see an orc warrior and an orc wizard (invisible).

Vanquished Creatures
  A bullfrog skeleton (D:2)
  An iguana (D:4)
  A worker ant (D:4)
  3 gnolls
  3 adders
  A worm (D:3)
  7 leopard geckos
  8 orcs
  4 giant cockroaches
  5 hobgoblins
  6 jackals
  5 kobolds
  A quokka (D:3)
  A ball python (D:3)
  3 bats
  5 goblins
  7 rats
62 creatures vanquished.

Notes
Turn   | Place    | Note
-------+----------+-------------------------------------------
     0 | D:1      | Gaff the Ogre Warper began the quest for the Orb.
     0 | D:1      | Reached XP level 1. HP: 22/22 MP: 3/3
   202 | D:1      | Reached skill level 3 in Fighting
   484 | D:1      | Reached XP level 2. HP: 29/31 MP: 5/5
   490 | D:1      | Learned a level 2 spell: Blink
   846 | D:1      | HP: 1/31 [hobgoblin/+0 club (1)]
  1619 | D:2      | Noticed Sigmund
  2125 | D:2      | Reached XP level 3. HP: 25/37 MP: 6/6
  3044 | D:2      | Reached XP level 4. HP: 45/45 MP: 8/8
  3204 | D:2      | Found a burning altar of Makhleb.
  3204 | D:2      | Found a shimmering altar of Xom.
  3213 | D:2      | Became a worshipper of The Xom-Meister
  3724 | D:3      | XOM is BORED!
  4100 | D:3      | XOM: silly message
  4160 | D:3      | XOM: silly message
  4632 | D:3      | XOM: noise
  4747 | D:3      | XOM: silly message
  4756 | D:4      | Reached XP level 5. HP: 51/54 MP: 9/9
  4766 | D:3      | XOM: noise
  5092 | D:4      | Found an ancient bone altar of Kikubaaqudgha.
  5205 | D:3      | XOM: divination: magic mapping
  5302 | D:4      | Reached skill level 1 in Shields
  5396 | D:4      | XOM: 7-stop teleportation journey
  5660 | D:4      | Reached skill level 4 in Fighting
  5760 | D:4      | Noticed an orc warrior
  5790 | D:4      | XOM: smoke on damage
  5797 | D:4      | HP: 1/54 [orc warrior/+0 battleaxe (22)]
  5804 | D:3      | XOM: cast spell 'Dispersal'
  5816 | D:3      | XOM: blink monster(s)
  5818 | D:3      | XOM: fog
  5820 | D:3      | Slain by an orc warrior

Illustrated notes

Levels and vault maps discovered:
D:1:      scummos_arrival_star, layout_basic
D:2:      layout_basic, amethyst_overflow_temple_binary, uniq_sigmund
D:3:      layout_basic
D:4:      layout_cave_pools, lemuel_crystal_altar

Skill      XL: |  1  2  3  4  5 |
---------------+----------------+-----
Fighting       | 3 4 |  4.0
Translocations | 3 |  3.5
Maces & Flails | 2 |  2.6
Spellcasting   | 3 |  3.3
Dodging        | 3 |  3.0
Shields        | 1 |  1.2
Throwing       | |  1.0

Action                   |  1- 3 |  4- 6 || total
-------------------------+-------+-------++-------
Melee: Mace              |   114 |   161 ||   275
 Cast: Blink             |     6 |     1 ||     7
  Use: Scroll            |       |     3 ||     3
       Potion            |       |     2 ||     2
Armor: Robe              |    39 |    64 ||   103
Dodge: Dodged            |    78 |    66 ||   144
Block: Kite shield       |       |    74 ||    74

Table legend: (Time is in decaauts)
 A = Elapsed time spent in this place.
 B = Non-inter-level travel time spent in this place.
 C = Inter-level travel time spent in this place.
 D = Time resting spent in this place.
 E = Time spent auto-exploring this place.
 F = Levels seen in this place.
 G = Mean time per level.
                   A        B        C        D        E       F      G
               +--------+--------+--------+--------+--------+-----+--------+
         Total |   5951 |   5799 |    152 |   2019 |   2526 |   4 | 1487.8 |
       Dungeon |   5951 |   5799 |    152 |   2019 |   2526 |   4 | 1487.8 |
               +--------+--------+--------+--------+--------+-----+--------+

Top non-repeatable levels by time:
     D:3: 2089 daAuts
     D:1: 1721 daAuts
     D:2: 1650 daAuts
     D:4: 490 daAuts
